 Dungeon Crawl Stone Soup version 0.21-a0-426-g98080a9 (webtiles) character file.

137 mastercheaf21 the Sneak (level 5, -2/34 HPs)
             Began as an Octopode Assassin on Nov 8, 2017.
             Slain by a gnoll (3 damage)
             ... on level 3 of the Dungeon.
             The game lasted 00:09:16 (2329 turns).

mastercheaf21 the Sneak (Octopode Assassin)         Turns: 2329, Time: 00:09:16

Health: -2/34      AC:  1    Str: 10    XL:     5   Next: 20%
Magic:  5/5        EV: 13    Int: 13    God:
Gold:   117        SH:  0    Dex: 15    Spells: 4/4 levels left

rFire    . . .     SeeInvis .   a - +2 dagger
rCold    . . .     Gourm    .   (no shield)
rNeg     . . .     Faith    .   (helmet restricted)
rPois    .         Spirit   .   (no amulet)
rElec    .         Reflect  .   (no ring)
rCorr    .         Harm     .   (no ring)
MR       .....                  (no ring)
Stlth    +++++.....             (no ring)
HPRegen  0.11/turn              (no ring)
MPRegen  0.09/turn              (no ring)
                                (no ring)
                                (no ring)

@: no status effects
A: almost no armour, stealthy swim, amphibious, 8 rings, constrict 8, camouflage
1, gelatinous body 1
a: no special abilities


You were on level 3 of the Dungeon.
You were not hungry.

You visited 1 branch of the dungeon, and saw 3 of its levels.

You collected 117 gold pieces.

Inventory:

Hand Weapons
 a - a +2 dagger (weapon)
 b - a +0 blowgun
 j - a cursed -1 short sword
Missiles
 c - 8 poisoned needles
 d - 2 curare-tipped needles
Armour
 r - a +0 buckler
Wands
 t - a wand of confusion (13/48)
Scrolls
 e - 2 scrolls of recharging {unknown}
 g - a scroll of immolation {unknown}
 i - 5 scrolls of identify {unknown}
 n - 3 scrolls of blinking {unknown}
 p - a scroll of enchant weapon {unknown}
 q - a scroll of amnesia {unknown}
Potions
 k - 5 potions of curing {unknown}
 l - a potion of invisibility {unknown}
 m - a potion of degeneration {unknown}
 o - a potion of agility {unknown}
 s - a potion of heal wounds {unknown}
Comestibles
 f - 3 bread rations
 h - 7 fruits


   Skills:
 - Level 2.0 Fighting
 - Level 2.0 Short Blades
 - Level 2.0 Throwing
 - Level 1.0 Dodging
 - Level 7.7 Stealth
 * Level 2.7 Unarmed Combat


You had 4 spell levels left.
You didn't know any spells.

Dungeon Overview and Level Annotations

Branches:
Dungeon (3/15)

Altars:
Elyvilon


Innate Abilities, Weirdness & Mutations

You cannot wear most types of armour.
You are very stealthy in the water. (Stealth+)
You are amphibious.
You can wear up to eight rings at the same time.
You can use your tentacles to constrict eight enemies at once.
Your skin changes colour to match your surroundings (Stealth+).
Your rubbery body absorbs attacks. (AC +1, EV +1)


Message History

The gnoll is moderately wounded.
You constrict the gnoll. The gnoll hits you with a halberd!
* * * LOW HITPOINT WARNING * * *
You hit the gnoll.
The gnoll is heavily wounded.
You constrict the gnoll. You hit the gnoll. You squeeze the gnoll.
The gnoll is almost dead.
You constrict the gnoll.
You kill the gnoll!
You hit the gnoll. Your grab misses the gnoll. Your squeeze misses the gnoll.
The gnoll is moderately wounded.
The gnoll hits you but does no damage.
You hit the gnoll but do no damage. You grab the gnoll.
The gnoll is moderately wounded.
You constrict the gnoll. You hit the gnoll.
The gnoll is severely wounded.
You constrict the gnoll. The gnoll hits you.
You die...

#.# #.# #.# #.# #.#
≈≈.# #.# ≈..# #g# ≈≈(#
#@# ≈≈≈# #.# ≈..# ##)#
..≈#### ##..#####.
#.#...########.>.......
..#.........##..#######
......#####.##..#
..######........### ..#
#..........#


You could see a gnoll.

Vanquished Creatures
  3 gnolls (D:3)
  5 adders (D:2)
  3 leopard geckos
  3 giant cockroaches
  8 goblins
  9 hobgoblins
  4 jackals (D:1)
  7 kobolds
  2 quokkas (D:2)
  4 bats
  3 frilled lizards
  8 rats
59 creatures vanquished.

Notes
Turn   | Place    | Note
-------+----------+-------------------------------------------
     0 | D:1      | mastercheaf21 the Octopode Assassin began the quest for the Orb.
     0 | D:1      | Reached XP level 1. HP: 14/14 MP: 1/1
    86 | D:1      | Reached XP level 2. HP: 19/19 MP: 2/2
   241 | D:1      | Reached skill level 6 in Stealth
   274 | D:1      | Reached skill level 1 in Unarmed Combat
   348 | D:1      | Reached XP level 3. HP: 17/24 MP: 3/3
  1103 | D:2      | Reached skill level 7 in Stealth
  1235 | D:2      | Reached XP level 4. HP: 23/29 MP: 4/4
  1531 | D:2      | Found a white marble altar of Elyvilon.
  2315 | D:3      | Reached XP level 5. HP: 34/34 MP: 5/5
  2324 | D:3      | HP: 1/34 [gnoll/halberd (12)]
  2329 | D:3      | Slain by a gnoll

Vault maps used:
D:1:      minmay_arrival_split_and_join
D:2:      nicolae_overflow_crystal_walls
D:3:      chequers_ecumenical_altar_island, small_statue_intersection,
          uniq_terence

Skill      XL: |  1  2  3  4 |
---------------+-------------+-----
Stealth        | 6 7 |  7.7
Unarmed Combat | 1 2 |  2.7
Fighting       | |  2.0
Short Blades   | |  2.0
Throwing       | |  2.0
Dodging        | |  1.0

Action                   |  1- 3 |  4- 6 || total
-------------------------+-------+-------++-------
Melee: Dagger            |    67 |    55 ||   122
       Constrict         |    15 |    10 ||    25
       Tentacles         |    11 |     5 ||    16
 Stab: Sleeping          |     9 |    10 ||    19
  Eat: Chunk             |     1 |     3 ||     4
Armor: Skin              |     3 |     1 ||     4
Dodge: Dodged            |    35 |    24 ||    59

Table legend:
 A = Spawn XP
 B = Non-spawn XP
 C = Spawn XP percentage of total XP
 D = Spawn monster count
 E = Non-spawn monster count
 F = Spawn count percentage of total count
 G = Total turns spent on level
                    A         B        C        D         E        F      G
               +---------+---------+-------+---------+---------+-------+---------
         Total |       0 |     196 |   0.0 |       0 |      59 |   0.0 |  2329
               +---------+---------+-------+---------+---------+-------+---------
           D:1 |       0 |      49 |   0.0 |       0 |      29 |   0.0 |   832
           D:2 |       0 |     104 |   0.0 |       0 |      27 |   0.0 |  1430
           D:3 |       0 |      43 |   0.0 |       0 |       3 |   0.0 |    67
               +---------+---------+-------+---------+---------+-------+---------
